 Dungeon Crawl Stone Soup version 0.29.1-15-g9cfb28693d (webtiles) character file.

Game seed: 2307264767446923573

116 Gustavia the Sneak (level 5, -1/28 HPs)
             Began as a Kobold Brigand on Mar 21, 2023.
             Slain by an ice beast (2 damage)
             ... on level 3 of the Dungeon.
             The game lasted 00:15:35 (3094 turns).

Gustavia the Sneak (Kobold Brigand)                 Turns: 3094, Time: 00:15:36

Health: -1/28      AC:  6    Str:  7 (8)  XL:     5   Next: 20%
Magic:  5/5        EV: 15    Int: 15 (17) God:
Gold:   110        SH:  0    Dex: 22      Spells: 4/4 levels left

rFire   . . .      SeeInvis .   f - +0 short sword (protect)
rCold   . . .      Faith    .   (no shield)
rNeg    . . .      Spirit   .   b - +0 robe
rPois   .          Reflect  .   h - +0 helmet
rElec   .          Harm     .   c - +0 cloak
rCorr   .          Rampage  .   (no gloves)
Will    .....                   g - +1 pair of boots {Stlth+}
Stlth   ++++++....              (no amulet)
HPRegen 0.09/turn               k - +6 ring of intelligence
MPRegen 0.09/turn               (no ring)

@: no status effects
A: small, no large weapons, nightstalker 3, talons 1, agile 1, frail 1, noise
suppression
a: no special abilities


You were on level 3 of the Dungeon.
You visited 1 branch of the dungeon, and saw 4 of its levels.

You collected 110 gold pieces.

Inventory:

Hand Weapons
 a - a +2 dagger
 f - a +0 short sword of protection (weapon)
Missiles
 d - 12 poisoned darts (quivered)
 e - 3 curare-tipped darts
Armour
 b - a +0 robe (worn)
 c - a +0 cloak (worn)
 g - a +1 pair of boots of stealth (worn)
 h - a +0 helmet (worn)
Jewellery
 k - a +6 ring of intelligence (left hand)
Scrolls
 n - a scroll of poison
Potions
 i - a potion of magic
 l - a potion of haste


   Skills:
 + Level 3.0 Fighting
 + Level 4.0 Short Blades
 + Level 2.3 Throwing
 + Level 2.2 Dodging
 + Level 6.8 Stealth


You had 4 spell levels left.
You didn't know any spells.
Your spell library contained the following spells:

 Spells                   Type           Power      Damage    Failure   Level
 Apportation              Tloc           0%         N/A       26%         1
 Necrotise                Necr           0%         1d4       26%         1
 Summon Small Mammal      Summ           0%         N/A       26%         1
 Inner Flame              Hex/Fire       0%         N/A       63%         3
 Cause Fear               Hex            0%         N/A       95%         4
 Discord                  Hex            0%         N/A       100%        8


Dungeon Overview and Level Annotations

Branches:
Dungeon (4/15)
 Temple: D:4-7

Altars:


Innate Abilities, Weirdness & Mutations

You are small and have problems with some larger weapons.
You are completely attuned to the shadows.
You have sharp toenails.
You are agile. (Dex +4, Str/Int -1)
You are frail. (-10% HP)
You passively dampen the noise of your surroundings.


Message History

The ice beast closely misses you.
You hit the ice beast but do no damage.
The ice beast is severely wounded.
The ice beast completely misses you.
You hit the ice beast but do no damage.
The ice beast is severely wounded.
The ice beast barely misses you.
You hit the ice beast. You punch the ice beast.
The ice beast is almost dead.
The ice beast hits you but does no damage.
You hit the ice beast but do no damage.
The ice beast is almost dead.
You hit the ice beast but do no damage.
The ice beast is almost dead.
The ice beast barely misses you.
You hit the ice beast.
The ice beast is almost dead.
The ice beast misses you.
You hit the ice beast but do no damage.
The ice beast is almost dead.
The ice beast closely misses you.
You hit the ice beast.
The ice beast is almost dead.
The ice beast hits you. The ice beast freezes you!
Okay, then.
You barely miss the ice beast.
The ice beast is almost dead.
The ice beast hits you but does no damage.
You hit the ice beast.
The ice beast is almost dead.
The ice beast hits you. The ice beast freezes you!
* * * LOW HITPOINT WARNING * * *
There is a stone staircase leading up here.
You can't go down here!
The ice beast barely misses you.
You climb upwards.
There is a stone staircase leading down here.
You can't go up here!
The ice beast hits you.
You die...

#.###...........
#.# #.####.##...
#.# #.# #.##...
###.###.# #......
#.....#.# #<.#...
#.#.#.#.# #..#...
#.#...#.# #..#...
#.##..#.####..#...
#@Y<..#.....#.....
####..........#.#.
#..######.##.##
#..# #....## #..#
#.....# #(.#
#.###.# #..# #.#
#.# #..# #.# #.#
#..# #.# #.#


You could see an ice beast.

Vanquished Creatures
  4 adders
  A gnoll (D:1)
  3 dart slugs
  8 orcs (D:3)
  2 ball pythons (D:1)
  3 bats
  3 endoplasms
  4 giant cockroaches
  5 hobgoblins
  3 kobolds
  2 quokkas
  2 frilled lizards
  8 goblins
  4 rats
52 creatures vanquished.

Notes
Turn   | Place    | Note
-------+----------+-------------------------------------------
     0 | D:1      | Gustavia the Kobold Brigand began the quest for the Orb.
     0 | D:1      | Reached XP level 1. HP: 12/12 MP: 1/1
   193 | D:1      | Reached XP level 2. HP: 18/18 MP: 2/2
   634 | D:1      | Reached XP level 3. HP: 22/22 MP: 3/3
   636 | D:1      | Reached skill level 6 in Stealth
   917 | D:2      | Found a faded altar of an unknown god.
  1269 | D:2      | Reached XP level 4. HP: 23/27 MP: 4/4
  1749 | D:2      | Gained mutation: You are frail. (-10% HP) [potion of
                  | mutation]
  1749 | D:2      | Gained mutation: You have sharp toenails. [potion of
                  | mutation]
  1749 | D:2      | Gained mutation: You passively dampen the noise of your
                  | surroundings. [potion of mutation]
  1749 | D:2      | Gained mutation: You are agile. (Dex +4, Str/Int -1)
                  | [potion of mutation]
  2229 | D:3      | Reached XP level 5. HP: 28/28 MP: 5/5
  3038 | D:4      | Noticed an ice beast
  3090 | D:4      | HP: 1/28 [ice beast (10)]
  3094 | D:3      | Slain by an ice beast

Illustrated notes

Levels and vault maps discovered:
D:1:      saegor_arrival_simple_d, layout_rooms
D:2:      layout_loops_ring, ebering_ecumenical_altar_abandoned,
          minmay_misc_feat_iff, kennysheep_pointless_box, minmay_pentomino_v2
D:3:      layout_loops_ring
D:4:      layout_gridville, serial_shops, shop

Skill      XL: |  1  2  3  4  5 |
---------------+----------------+-----
Short Blades   | 3 4 |  4.0
Stealth        | 6 |  6.8
Dodging        | 2 |  2.2
Fighting       | 3 |  3.0
Throwing       | |  2.3

Action                   |  1- 3 |  4- 6 || total
-------------------------+-------+-------++-------
Melee: Dagger            |    88 |    32 ||   120
       Punch             |     1 |     3 ||     4
       Short sword       |       |    61 ||    61
       Kick              |       |     6 ||     6
  Use: Potion            |     2 |     4 ||     6
       Scroll            |     2 |     8 ||    10
 Stab: Sleeping          |    10 |    16 ||    26
       Distracted        |       |     1 ||     1
Armor: Robe              |    18 |    19 ||    37
Dodge: Dodged            |    58 |    44 ||   102
